 Seeded DCSS version 0.28-a0-657-g71136c5590 (webtiles) character file.

Game seed: 12345678 (custom seed)

0 ekar the Skirmisher (level 1, 0/19 HPs)
             Began as a Minotaur Abyssal Knight on Oct 13, 2021.
             Was a Follower of Lugonu.
             Hit by a stone thrown by a kobold (2 damage)
             ... on level 3 of the Dungeon.
             The game lasted 00:03:40 (240 turns).

ekar the Skirmisher (Minotaur Abyssal Knight)        Turns: 240, Time: 00:03:41

Health: 0/19       AC:  4    Str: 17    XL:     1   Next: 8%
Magic:  1/1        EV: 11    Int:  7    God:    Lugonu [*.....]
Gold:   42         SH:  0    Dex: 10    Spells: 0/0 levels left

rFire   . . .      SeeInvis .   d - +0 whip (spect)
rCold   . . .      Faith    .   (no shield)
rNeg    . . .      Spirit   .   a - +1 leather armour
rPois   .          Reflect  .   (helmet restricted)
rElec   .          Harm     .   (no cloak)
rCorr   .          Rampage  .   (no gloves)
Will    .....                   (no boots)
Stlth   +.........              (no amulet)
HPRegen 0.06/turn               (no ring)
MPRegen 0.07/turn               (no ring)

@: lethally poisoned (0 -> -7)
A: horns 2, retaliatory headbutt
a: Renounce Religion, Depart the Abyss


You were on level 3 of the Dungeon.
You worshipped Lugonu.
Lugonu was aware of your devotion.
You visited 1 branch of the dungeon, and saw 3 of its levels.
You visited the Abyss 1 time.

You collected 42 gold pieces.

Inventory:

Hand Weapons
 b - a +0 dagger
 c - a +0 whip
 d - a +0 spectral whip (weapon)
Armour
 a - a +1 leather armour (worn)
 e - a +0 robe
 f - a +0 robe


   Skills:
 + Level 3.6 Fighting
 + Level 2.4 Armour
 + Level 1.2 Dodging
 + Level 2.1 Unarmed Combat
 + Level 1.7 Invocations


You couldn't memorise any spells.
You didn't know any spells.
Your spell library was empty.

Dungeon Overview and Level Annotations

Branches:
Dungeon (3/15)

Altars:
Ru


Innate Abilities, Weirdness & Mutations

You have a pair of horns on your head.
You reflexively headbutt those who attack you in melee.


Message History

Found 12 gold pieces.
There is a sacrificial altar of Ru here.
There are no items here.
Non-targeted abil: Depart the Abyss
Press: ? - help, Q - select action Dir - look around, f - activate
Okay, then.
You now have 30 gold pieces (gained 12).
You now have 42 gold pieces (gained 12).
A hobgoblin comes into view.
A scorpion and an orc priest come into view.
There are no items here.
Non-targeted abil: Depart the Abyss
Press: ? - help, Q - select action Dir - look around, f - activate Look: a hobgoblin
Okay, then.
Found a black potion.
The hobgoblin barely misses you.
Found 7 gold pieces.
The hobgoblin barely misses you.
The hobgoblin barely misses you. 2 kobolds come into view.
A kobold is wielding a +0 whip and quivering poisoned darts.
The kobold shouts! x2
The kobold throws a poisoned dart.
The poisoned dart hits you!
You are poisoned.
You feel very sick.
Found 16 gold pieces.
You feel sick.
You feel sick.
You feel sick. The kobold closely misses you.
You feel sick. The kobold hits you with a +0 whip.
Found 13 gold pieces.
You feel sick. The kobold hits you with a +0 whip.
You hear the slow rusting of a very distant drain.
You feel sick.
The kobold throws a poisoned dart.
The poisoned dart hits you!
You are lethally poisoned!
* * * LOW HITPOINT WARNING * * *
You feel sick.
A kobold comes into view. It is wielding a +0 dagger.
* * * LOW HITPOINT WARNING * * *
You feel sick.
The kobold shouts!
The kobold throws a stone.
The stone hits you.
You die...

##### ...## ....#
# ...# #$ ...#
##.##..#
$#...#..# .# #@.#
#...#K# ##.##.#
#.#Kg# ##
.!.#..s# #.
.###..#### #.
.K.#......# #. ..
#.#..##.########
#.
##.##.##........#
#.


You could see a scorpion, a hobgoblin and 2 kobolds.

Vanquished Creatures
  A ball python (D:1)
1 creature vanquished.

Vanquished Creatures (others)
  A fungus (D:1)
1 creature vanquished.

Grand Total: 2 creatures vanquished

Notes
Turn   | Place    | Note
-------+----------+-------------------------------------------
     0 | Abyss:1  | ekar the Minotaur Abyssal Knight began the quest for the
                  | Orb.
     0 | Abyss:1  | Reached XP level 1. HP: 19/19 MP: 1/1
    75 | D:1      | Escaped the Abyss
   192 | D:3      | Found a sacrificial altar of Ru.
   226 | D:3      | Noticed a scorpion
   226 | D:3      | Noticed an orc priest
   240 | D:3      | Hit by a stone thrown by a kobold

Illustrated notes

Levels and vault maps discovered:
D:1:      scummos_arrival_checkerplants, layout_loops_corners,
          shapermc_ecumenical_altar_ellora, hangedman_decor_peaks_small
D:2:      layout_basic
D:3:      layout_rooms, mainiacjoe_overflow_tiny_flanked,
          gup_sewer_entry_bubbles, minmay_door_square,
          chequers_serial_rivers_room_b, wad_floor_pattern_untrapped,
          minmay_ruptured

Action                   || total
-------------------------++-------
Melee: Unarmed           ||     2
       Whip              ||     1
       Headbutt          ||     1
  Use: Scroll            ||     2
Dodge: Dodged            ||     5

Table legend: (Time is in decaauts)
 A = Elapsed time spent in this place.
 B = Non-inter-level travel time spent in this place.
 C = Inter-level travel time spent in this place.
 D = Time resting spent in this place.
 E = Time spent auto-exploring this place.
 F = Levels seen in this place.
 G = Mean time per level.
                   A        B        C        D        E       F      G
               +--------+--------+--------+--------+--------+-----+--------+
         Total |    238 |    238 |      0 |      0 |      0 |   4 |   59.5 |
       Dungeon |    163 |    163 |      0 |      0 |      0 |   3 |   54.3 |
         Abyss |     75 |     75 |      0 |      0 |      0 |   1 |   75.0 |
               +--------+--------+--------+--------+--------+-----+--------+

Top non-repeatable levels by time:
 Abyss:1: 75 daAuts
     D:1: 60 daAuts
     D:3: 51 daAuts
     D:2: 51 daAuts
